 Dungeon Crawl Stone Soup version 0.23.2-40-g277498a001 (webtiles) character file.

Game seed: 16499605771673514714

112 FishyPogo the Charlatan (level 4, -1/37 HPs)
             Began as a Draconian Artificer on Aug 23, 2019.
             Slain by a river rat (3 damage)
             ... on level 3 of the Dungeon.
             The game lasted 00:07:20 (2273 turns).

FishyPogo the Charlatan (Draconian Artificer)       Turns: 2273, Time: 00:07:21

Health: -1/37      AC:  5    Str: 15    XL:     4   Next: 63%
Magic:  6/6        EV: 13    Int: 11    God:
Gold:   124        SH:  0    Dex: 12    Spells: 3/3 levels left

rFire    . . .     SeeInvis .   a - +0 short sword
rCold    . . .     Gourm    .   (no shield)
rNeg     . . .     Faith    .   (armour unavailable)
rPois    .         Spirit   .   (helmet restricted)
rElec    .         Reflect  .   (no cloak)
rCorr    .         Harm     .   (no gloves)
MR       .....                  (no boots)
Stlth    ++........             j - amulet of magic regeneration
HPRegen  0.12/turn              (no ring)
MPRegen  0.35/turn              (no ring)

@: no status effects
A: unfitting armour, cold-blooded, AC +5
a: no special abilities


You were on level 3 of the Dungeon.
You were hungry.

You visited 1 branch of the dungeon, and saw 3 of its levels.

You collected 124 gold pieces.

Inventory:

Hand Weapons
 a - a +0 short sword (weapon)
Missiles
 h - 17 stones (quivered)
Jewellery
 j - an amulet of magic regeneration (around neck)
Wands
 b - a wand of flame (15)
 c - a wand of enslavement (15)
 d - a wand of random effects (15)
Scrolls
 e - 2 scrolls of identify {unknown}
 g - a scroll of teleportation {unknown}
 l - a scroll of blinking {unknown}
 o - 4 scrolls of remove curse {unknown}
 q - 2 scrolls of enchant weapon {unknown}
 r - a scroll of fear {unknown}
Potions
 i - a potion of haste {unknown}
 k - a potion of mutation {unknown}
 m - 3 potions of heal wounds {unknown}
 s - a potion of curing {unknown}
 t - 3 potions of resistance {unknown}
Comestibles
 f - 2 rations
 u - 3 chunks of flesh


   Skills:
 * Level 2.6 Fighting
 + Level 1.6 Short Blades
 * Level 2.7 Dodging
 + Level 1.7 Stealth
 * Level 3.7 Evocations


You had 3 spell levels left.
You didn't know any spells.
Your spell library was empty.

Dungeon Overview and Level Annotations

Branches:
Dungeon (3/15)

Altars:

Portals:
Sewer: D:3


Innate Abilities, Weirdness & Mutations

Your plain brown scales are hard. (AC +5)
You cannot fit into any form of body armour.
You are cold-blooded and may be slowed by cold attacks.


Message History

The river rat bites you.
You barely miss the river rat.
Your tail-slap misses the river rat.
The river rat is almost dead.
The river rat barely misses you.
You barely miss the river rat.
The river rat is almost dead.
The river rat bites you.
You closely miss the river rat.
The river rat is almost dead.
You hear the slow rusting of a drain nearby.
The river rat bites you.
* * * LOW HITPOINT WARNING * * *
You hit the river rat but do no damage.
Your tail-slap misses the river rat.
The river rat is almost dead.
The river rat bites you!
* * * LOW HITPOINT WARNING * * *
You hit the river rat but do no damage.
The river rat is almost dead.
The river rat bites you.
You die...

* * * ########### *
#......†..# ****
#.###.###.# ### *,,,
**#######.########.##
*,**
*∩≈≈≈..r......##...##*,**
*S≈≈≈.##@####.#.....**,**
*s≈≈.,*#.# #.#*...***,*
*≈≈≈,,,#.####.###)#* *,*
*r≈,,,..........#.####.#
*#**,,.##.###.....<....#
***,**.# ###.#+######*
*,**.#***#..,,** **
*,**..,,,....,,****,
*,,*****#.....,,**,*


You could see a river rat.

Vanquished Creatures
  An orc priest (D:2)
  An adder (D:2)
  A worm (D:2)
  3 dart slugs (D:1)
  2 leopard geckos
  3 orcs (D:2)
  4 giant cockroaches
  4 hobgoblins
  4 jackals
  A quokka (D:2)
  A ball python (D:1)
  8 bats
  6 frilled lizards
  7 goblins
  6 kobolds
  7 rats
59 creatures vanquished.

Notes
Turn   | Place    | Note
-------+----------+-------------------------------------------
     0 | D:1      | FishyPogo the Draconian Artificer began the quest for the
                  | Orb.
     0 | D:1      | Reached XP level 1. HP: 16/16 MP: 3/3
   118 | D:1      | Reached skill level 1 in Stealth
   206 | D:1      | Reached XP level 2. HP: 17/23 MP: 4/4
   568 | D:1      | Reached XP level 3. HP: 29/29 MP: 5/5
  1600 | D:2      | Reached XP level 4. HP: 10/37 MP: 6/6
  2236 | D:3      | Found a glowing drain.
  2273 | D:3      | Slain by a river rat

Skill      XL: |  1  2  3 |
---------------+----------+-----
Stealth        | 1 |  1.7
Dodging        | 2 |  2.7
Fighting       | 2 |  2.6
Short Blades   | |  1.6
Evocations     | |  3.7

Action                   |  1- 3 |  4- 6 || total
-------------------------+-------+-------++-------
Melee: Short sword       |   188 |    58 ||   246
       Tailslap          |    23 |     7 ||    30
  Use: Scroll            |       |     2 ||     2
 Stab: Sleeping          |     3 |     2 ||     5
  Eat: Chunk             |     2 |     2 ||     4
Armor: Skin              |    53 |    15 ||    68
Dodge: Dodged            |   120 |    33 ||   153
